Map: [ESL] Dragon Scales

Players

MaxPax - Winner!

  • Race: Protoss Protoss
  • Spawn Location: 11:00

Clem

  • Race: Terran Terran
  • Spawn Location: 5:00

Event: ESL SC2 Masters 2023 Summer (Regionals)

VOD

Have the link to the VOD?

Description

Time

  • Played on: May 7, 2023, 2:09 p.m.
  • Length: 7:27

All games in this series

Show
View Real Time Build Order
Export as new Build Order

MaxPax Protoss - Winner!

Build Orders: 1 Gate Expand, Blink Stalkers 

Get SALT Encoding   

  12  0:00  Probe  
  13  0:12  Probe  
  14  0:17  Pylon  
  14  0:24  Probe (Chrono Boost)  
  15  0:36  Probe (Chrono Boost), Gateway  
  16  0:43  Probe (Chrono Boost)  
  16  0:45  Assimilator  
  17  0:51  Probe  
  18  1:03  Probe  
  19  1:15  Probe  
  20  1:22  Cybernetics Core  
  20  1:30  Nexus  
  20  1:33  Probe  
  21  1:41  Pylon  
  21  1:45  Probe  
  22  1:49  Assimilator  
  22  1:56  Adept (Chrono Boost)  
  22  2:01  Shield Battery  
  24  2:03  Probe  
  24  2:07  Warp Gate  
  25  2:15  Probe  
  25  2:16  Adept (Chrono Boost)  
  28  2:28  Probe  
  28  2:29  Twilight Council  
  29  2:42  Probe (Chrono Boost)  
  31  2:44  Probe (Chrono Boost)  
  32  2:51  Probe (Chrono Boost)  
  32  2:52  Gateway  
  32  2:54  Probe (Chrono Boost)  
  32  2:56  Probe (Chrono Boost)  
  33  3:02  Blink (Chrono Boost)  
  33  3:04  Probe  
  35  3:08  Probe  
  36  3:16  Probe  
  37  3:21  Probe  
  36  3:28  Probe, Robotics Facility  
  36  3:31  Gateway  
  37  3:36  Probe, Gateway  
  37  3:40  Probe  
  39  3:42  Pylon  
  39  3:48  Probe  
  40  3:52  Probe  
  41  3:57  Stalker x2  
  41  3:58  Pylon  
  46  4:12  Probe  
  46  4:13  Warp Prism (Chrono Boost), Assimilator  
  48  4:21  Stalker x2  
  52  4:26  Stalker  
  52  4:29  Probe x2  
  56  4:31  Stalker  
  53  4:48  Stalker x2  
  53  4:52  Stalker  
  59  4:54  Pylon  
  59  4:55  Stalker  
  59  4:57  Probe  
  62  5:06  Pylon  
  62  5:17  Stalker x3  
  62  5:18  Stalker  
  70  5:29  Probe  
  63  5:40  Probe  
  64  5:45  Stalker  
  64  5:48  Probe, Stalker x3  
  70  5:52  Probe  
  70  5:56  Pylon  
  71  6:00  Probe  
  72  6:04  Probe  
  73  6:12  Probe  
  73  6:16  Probe  
  75  6:24  Probe, Stalker x4  
  82  6:31  Nexus  
  80  6:49  Stalker x4  
  82  6:55  Probe  
  82  6:57  Observer  
  82  6:59  Pylon  
  74  7:15  Probe  
  75  7:20  Stalker  
  75  7:21  Stalker x3  
Show
View Real Time Build Order
Export as new Build Order

Clem Terran 

Build Orders:  

Get SALT Encoding   

  12  0:00  SCV  
  13  0:12  SCV  
  14  0:16  Supply Depot  
  14  0:24  SCV  
  15  0:38  SCV  
  15  0:39  Barracks  
  15  0:42  Refinery  
  16  0:50  SCV  
  17  1:02  SCV  
  18  1:14  SCV  
  19  1:26  Marine  
  19  1:27  Orbital Command  
  20  1:46  Command Center  
  20  1:53  SCV, Factory  
  21  2:02  Barracks Reactor  
  21  2:04  Bunker  
  21  2:05  SCV  
  22  2:12  Supply Depot  
  22  2:17  SCV  
  22  2:19  Refinery  
  23  2:33  SCV  
  24  2:38  Hellion, Marine  
  24  2:39  Marine  
  24  2:43  Starport  
  28  2:45  SCV  
  29  2:58  Orbital Command  
  29  2:59  SCV  
  29  3:02  Hellion  
  32  3:07  Marine x2  
  34  3:13  SCV  
  34  3:24  Medivac  
  34  3:25  SCV, Marine  
  34  3:26  Hellion  
  34  3:27  SCV  
  39  3:33  Supply Depot  
  39  3:37  SCV  
  39  3:39  SCV  
  39  3:40  Marine  
  42  3:43  Marine  
  42  3:48  Factory Tech Lab  
  43  3:49  SCV  
  43  3:51  SCV  
  45  3:56  Starport Tech Lab  
  45  4:01  SCV  
  48  4:03  SCV  
  48  4:05  Barracks  
  48  4:09  Siege Tank  
  52  4:13  SCV, Supply Depot  
  52  4:16  Raven, SCV  
  54  4:26  Barracks  
  54  4:33  Supply Depot  
  54  4:34  Marine x2, SCV x2  
  58  4:42  Siege Tank  
  61  4:46  SCV  
  61  4:52  Bunker  
  62  4:53  Refinery  
  62  4:54  Marine x2  
  62  4:55  SCV  
  62  4:56  Supply Depot  
  62  4:59  SCV  
  66  5:00  Marauder  
  68  5:07  SCV  
  68  5:11  SCV  
  70  5:18  Marine x3, Siege Tank  
  70  5:19  SCV  
  76  5:22  Marauder  
  76  5:26  Supply Depot  
  76  5:27  Supply Depot  
  78  5:28  Stimpack  
  78  5:31  SCV x2  
  72  5:35  Marine  
  72  5:38  Marine x2  
  71  5:43  SCV x2, Marauder  
  72  5:50  Siege Tank  
  72  5:54  Marine  
  72  5:55  SCV x2, Marine  
  72  5:56  Marine  
  80  6:00  Medivac  
  81  6:07  SCV, Marine  
  77  6:11  Marine  
  77  6:13  Marine  
  77  6:15  Marine  
  77  6:16  SCV  
  80  6:23  Supply Depot  
  80  6:24  SCV  
  75  6:28  Marauder  
  75  6:31  Marine  
  78  6:37  Siege Tank  
  78  6:39  Marine  
  82  6:46  Marine  
  81  6:48  Medivac  
  81  6:49  SCV  
  81  6:50  Marauder  
  81  6:54  SCV, Marine  
  75  6:59  Marine  
  74  7:01  SCV  
  74  7:04  Marine  
  68  7:14  SCV x2  
Tags
 
Add a new tag
Caveats
  • Supply blocks, unpowered buildings, or Contaminate may cause inaccurate times.
  • Supply counts are checked every 10 seconds.